 Dungeon Crawl Stone Soup version 0.30-a0-862-g1aabd4f9c5 (webtiles) character file.

Game seed: 100039812092482045

65 Pimp the Conjurer (level 4, -1/27 HPs)
             Began as an Octopode Conjurer on Mar 9, 2023.
             Succumbed to an adder's poison
             ... on level 3 of the Dungeon.
             The game lasted 00:06:04 (1806 turns).

Pimp the Conjurer (Octopode Conjurer)               Turns: 1806, Time: 00:06:05

Health: -1/27      AC:  1    Str:  6    XL:     4   Next: 13%
Magic:  6/7        EV: 13    Int: 20    God:
Gold:   1108       SH:  0    Dex: 12    Spells: 5/8 levels left

rFire   . . .      SeeInvis +    c - +3 short sword (freeze)
rCold   . . .      Faith    .    (no shield)
rNeg    . . .      Spirit   .    (helmet restricted)
rPois   .          Reflect  .    (no amulet)
rElec   .          Rampage  .    l - ring of see invisible
rCorr   .                        (no ring)
Will    .....                    (no ring)
Stlth   +++                      (no ring)
HPRegen 0.24/turn                (no ring)
MPRegen 0.10/turn                (no ring)
                                 (no ring)
                                 (no ring)

@: lethally poisoned (-1 -> -7), about to teleport, hasted, very quick
A: almost no armour, amphibious, 8 rings, camouflage 1, gelatinous body 1,
(nimble swimmer 1), tentacles
a: no special abilities


You were on level 3 of the Dungeon.
You visited 1 branch of the dungeon, and saw 3 of its levels.

You collected 1108 gold pieces.

Inventory:

Hand Weapons
 c - a +3 short sword of freezing (weapon)
Missiles
 b - 3 boomerangs of dispersal
 g - 10 poisoned darts
 m - 2 boomerangs
Jewellery
 d - a ring of ice
 l - a ring of see invisible (left tentacle)
Wands
 n - a wand of charming (10)
Scrolls
 h - a scroll of fog
 o - a scroll of identify
 r - a scroll of enchant weapon {unknown}
Potions
 a - 2 potions of magic
 i - 2 potions of brilliance
 j - a potion of degeneration {unknown}
 k - a potion of invisibility {unknown}
 s - a potion of ambrosia {unknown}


   Skills:
 + Level 2.7 Dodging
 + Level 3.8 Stealth
 + Level 2.6 Spellcasting
 + Level 4.4 Conjurations


You had 5 spell levels left.
You knew the following spells:

 Your Spells              Type           Power      Damage    Failure   Level
a - Magic Dart            Conj           80%        1d7       2%          1
b - Searing Ray           Conj           40%        2d5       3%          2

Your spell library contained the following spells:

 Spells                   Type           Power      Damage    Failure   Level
 Dazzling Flash           Conj/Hex       22%        N/A       19%         3
 Sublimation of Blood     Necr           2%         N/A       22%         2
 Wereblood                Tmut           2%         N/A       22%         2
 Fulminant Prism          Conj/Hex       5%         3d7       52%         4
 Iskenderun's Mystic Bla  Conj/Tloc      11%        2d4       52%         4
 Summon Hydra             Summ           1%         N/A       100%        7


Dungeon Overview and Level Annotations

Branches:
Dungeon (3/15)

Altars:
Ashenzari

Annotations:
D:3 1 runed translucent door, Maxmaps's ghost, amateur GnMo


Innate Abilities, Weirdness & Mutations

You cannot wear most types of armour.
You are amphibious.
You can wear up to eight rings at the same time.
Your skin changes colour to match your surroundings (Stealth+).
Your rubbery body absorbs attacks. (AC +1, EV +1)
((You are camouflaged when in or above water. (Stealth+)))
You have tentacles for arms and can constrict up to eight enemies at once.


Message History

The orc burns you.
* * * LOW HITPOINT WARNING * * *
The howler monkey hoots and howls with incredible vigour!
The orc attacks as you move away! The orc misses you.
Okay, then.
It was a potion of curing.
You feel better. The howler monkey hits you.
The orc hits you with a +0 hand axe of flaming.
* * * LOW HITPOINT WARNING * * *
The orc burns you.
* * * LOW HITPOINT WARNING * * *
The orc attacks as you move away! The orc completely misses you.
The orc attacks as you move away! The orc barely misses you.
The howler monkey attacks as you move away!
The howler monkey hits you but does no damage.
Maxmaps's ghost dodges and says, "Too slow!"
The howler monkey hoots and howls with incredible vigour!
You feel better. The adder bites you.
* * * LOW HITPOINT WARNING * * *
The orc closely misses you. The orc attacks as you move away!
The orc hits you with a +0 hand axe of flaming.
* * * LOW HITPOINT WARNING * * *
The orc burns you.
* * * LOW HITPOINT WARNING * * *
The howler monkey hoots and howls with incredible vigour!
The adder bites you.
* * * LOW HITPOINT WARNING * * *
As you read the scroll labelled QAAJETHR ARIEG, it crumbles to dust.
You feel strangely unstable.
It was a scroll of teleportation.
The adder misses you.
As you read the scroll labelled NID XESMUUSMUZEQ, it crumbles to dust.
It is a scroll of brand weapon.
Your +3 short sword is covered with a thin layer of ice!
c - a +3 short sword of freezing (weapon)
The adder bites you.
* * * LOW HITPOINT WARNING * * *
You are lethally poisoned!
The adder poisons you!
It was a potion of haste.
You feel yourself speed up.
You die...

###.#.##.
.....#........###### #
#.#.####+####.#...###...# #
................##⌠##...# #
.#. ##.........##...##...#
# .# #........##.....##..#
## . #........#W.!♣?.⌠#..#
.# .. #........##.....##..#
.# .. #.........##...##...
.# #.###...##@o.##.##... .#
#.....##.##S..#+#...# ##
####..##.##h.......#
#..##.##.......##
####>....##......##
#................####
#######....................
......#....................
J.....#...........#........


You could see a howler monkey, Maxmaps's ghost, an adder and an orc.

Vanquished Creatures
  A hound (D:3)
  An adder (D:3)
  A worm (D:3)
  7 endoplasms
  A hobgoblin (D:1)
  A quokka (D:3)
  3 ball pythons (D:1)
  A frilled lizard (D:1)
  4 rats (D:1)
20 creatures vanquished.

Notes
Turn   | Place    | Note
-------+----------+-------------------------------------------
     0 | D:1      | Pimp the Octopode Conjurer began the quest for the Orb.
     0 | D:1      | Reached XP level 1. HP: 11/11 MP: 3/3
    15 | D:1      | Found a faded altar of an unknown god.
   309 | D:1      | Reached XP level 2. HP: 4/17 MP: 5/5
   793 | D:1      | Learned a level 2 spell: Searing Ray
  1199 | D:3      | Identified a scroll of acquirement
  1199 | D:3      | Acquired 992 gold pieces
  1312 | D:3      | Found a broken altar of Ashenzari.
  1364 | D:3      | Reached XP level 3. HP: 17/21 MP: 2/6
  1487 | D:3      | Reached XP level 4. HP: 22/27 MP: 7/7
  1642 | D:3      | Noticed Maxmaps's ghost (amateur GnMo)
  1644 | D:3      | Found a runed translucent door.
  1805 | D:3      | HP: 1/27 [adder (4)]
  1806 | D:3      | Succumbed to an adder's poison

Illustrated notes

Levels and vault maps discovered:
D:1:      minmay_arrival_arboretum_small, layout_loops_ring,
          ebering_ecumenical_altar_hall
D:2:      layout_rooms
D:3:      layout_basic, old_standard_altar, hellmonk_ghost_happy_afterlife,
          st_stairs_1

Skill      XL: |  1 |
---------------+----+-----
Stealth        | 3 |  3.8
Dodging        | |  2.7
Spellcasting   | |  2.6
Conjurations   | |  4.4

Action                     |  1- 3 |  4- 6 || total
---------------------------+-------+-------++-------
  Melee: Short sword       |    33 |     5 ||    38
         Constrict         |     4 |     2 ||     6
         Tentacles         |     7 |     2 ||     9
   Cast: Searing Ray       |     4 |     2 ||     6
         Magic Dart        |     3 |       ||     3
    Use: Scroll            |     5 |     2 ||     7
         Potion            |       |     3 ||     3
   Stab: Sleeping          |    11 |     1 ||    12
 Armour: Skin              |     1 |     1 ||     2
  Dodge: Dodged            |    23 |     9 ||    32

Table legend: (Time is in decaauts)
 A = Elapsed time spent in this place.
 B = Non-inter-level travel time spent in this place.
 C = Inter-level travel time spent in this place.
 D = Time resting spent in this place.
 E = Time spent auto-exploring this place.
 F = Levels seen in this place.
 G = Mean time per level.
                   A        B        C        D        E       F      G
               +--------+--------+--------+--------+--------+-----+--------+
         Total |   1808 |   1570 |    238 |    512 |    577 |   3 |  602.7 |
       Dungeon |   1808 |   1570 |    238 |    512 |    577 |   3 |  602.7 |
               +--------+--------+--------+--------+--------+-----+--------+

Top non-repeatable levels by time:
     D:1: 1026 daAuts
     D:3: 636 daAuts
     D:2: 145 daAuts
